Map: Deathaura LE

Players

Dream - Winner!

  • Race: Terran Terran
  • Spawn Location: 5:00

sOs

  • Race: Protoss Protoss
  • Spawn Location: 11:00

Event: IEM Katowice 2021

VOD

Have the link to the VOD?

Description

Time

  • Played on: Feb. 21, 2021, 8:41 a.m.
  • Length: 15:00

All games in this series

Show
View Real Time Build Order
Export as new Build Order

Dream Terran - Winner!

Build Orders: Reaper Expand 

Get SALT Encoding   

  12  0:00  SCV  
  13  0:12  SCV  
  14  0:16  Supply Depot  
  14  0:24  SCV  
  15  0:38  SCV, Barracks  
  16  0:44  Refinery  
  16  0:50  SCV  
  17  1:02  SCV  
  18  1:14  SCV  
  19  1:26  Reaper, Orbital Command  
  20  1:43  Command Center  
  20  1:52  SCV  
  21  1:54  Supply Depot  
  21  1:58  Marine  
  22  2:04  SCV  
  23  2:08  Factory  
  23  2:16  SCV, Marine  
  23  2:19  Refinery  
  25  2:24  Bunker  
  25  2:28  SCV  
  26  2:34  Barracks Reactor  
  26  2:41  SCV  
  27  2:52  Hellion  
  27  2:53  SCV  
  27  2:55  Starport  
  30  3:03  Orbital Command  
  30  3:06  SCV  
  30  3:11  Marine x2  
  33  3:14  Hellion  
  33  3:18  SCV  
  36  3:29  Marine x2  
  36  3:30  SCV x2  
  36  3:32  Medivac  
  42  3:35  Supply Depot  
  42  3:39  Hellion  
  44  3:42  SCV  
  44  3:43  SCV  
  46  3:56  SCV x2, Marine x2  
  46  3:59  Barracks  
  50  4:09  SCV  
  51  4:12  SCV, Command Center  
  51  4:15  Starport Tech Lab, Factory Tech Lab  
  52  4:21  SCV  
  52  4:23  Engineering Bay  
  52  4:24  SCV  
  54  4:44  Supply Depot  
  54  4:47  Raven, SCV x2, Siege Tank  
  54  4:49  Barracks  
  54  4:50  Supply Depot, Terran Infantry Weapons Level 1  
  61  4:53  Barracks Tech Lab  
  61  4:58  Refinery x2  
  61  5:01  SCV  
  61  5:06  SCV, Marine, Supply Depot  
  61  5:07  Marine  
  64  5:13  SCV  
  66  5:14  Stimpack, Marine  
  66  5:17  Supply Depot  
  66  5:18  SCV  
  68  5:24  Orbital Command  
  68  5:25  SCV  
  69  5:28  Siege Tank  
  69  5:31  Marine  
  69  5:32  Marine  
  69  5:33  SCV  
  75  5:40  SCV  
  76  5:46  SCV  
  76  5:49  Marine  
  74  5:50  Marine, Starport Reactor, Orbital Command  
  74  5:53  SCV  
  74  5:55  Marine x2, Combat Shield  
  75  6:02  Barracks  
  75  6:06  SCV x2, Barracks  
  75  6:11  Marine x2  
  77  6:12  Marine, Factory Reactor  
  77  6:15  Marine  
  77  6:16  SCV  
  77  6:18  SCV x2  
  84  6:24  Supply Depot, Engineering Bay  
  84  6:26  Armory  
  84  6:27  Refinery  
  84  6:29  SCV  
  84  6:30  SCV  
  84  6:31  SCV  
  87  6:33  Marine x2, Supply Depot  
  87  6:34  Marine x2  
  91  6:41  SCV  
  91  6:42  SCV  
  91  6:43  Medivac x2  
  96  6:47  SCV  
  96  6:51  Marine x2  
  96  6:52  Supply Depot  
  96  6:53  SCV, Supply Depot, Barracks Reactor  
  100  6:54  Concussive Shells  
  100  6:56  Terran Infantry Armor Level 1  
  100  6:59  Marauder  
  100  7:00  SCV x2  
  104  7:05  Marauder x2, SCV  
  104  7:08  Supply Depot  
  109  7:11  Marine x2, Refinery  
  109  7:12  SCV x2  
  113  7:20  SCV  
  112  7:24  SCV x2  
  112  7:27  Marauder  
  112  7:28  Marauder x2  
  124  7:30  Widow Mine x2  
  124  7:32  SCV  
  124  7:33  Liberator  
  124  7:34  Medivac  
  124  7:35  Marine x3  
  124  7:36  SCV, Refinery  
  134  7:40  Terran Infantry Weapons Level 2  
  134  7:41  Marine  
  135  7:46  Supply Depot  
  135  7:47  Supply Depot  
  135  7:48  Missile Turret  
  135  7:54  Widow Mine x2  
  139  8:01  Marauder x3, Marine x4  
  149  8:09  Ghost Academy  
  149  8:15  Supply Depot  
  149  8:16  Command Center, Supply Depot  
  149  8:18  Widow Mine x2  
  153  8:30  Marauder x3, Marine  
  153  8:31  Marine x2  
  157  8:38  Medivac x2  
  157  8:40  Widow Mine x2  
  157  8:41  Marine  
  163  8:46  Sensor Tower  
  164  8:55  Ghost x3  
  164  8:56  Marine x3  
  164  8:59  Marine  
  164  9:02  Supply Depot  
  174  9:03  Supply Depot, Terran Infantry Armor Level 2  
  174  9:04  SCV x2  
  174  9:05  SCV  
  174  9:08  Viking  
  179  9:10  Supply Depot  
  179  9:11  Supply Depot  
  179  9:15  Widow Mine  
  181  9:19  Enhanced Shockwaves  
  181  9:20  Supply Depot  
  181  9:23  SCV, Widow Mine  
  184  9:27  Viking  
  184  9:30  Ghost x2  
  189  9:34  Ghost  
  189  9:36  Marine  
  190  9:44  Viking  
  189  9:55  Marine x3  
  189  9:57  Viking  
  189  9:59  Ghost x2  
  196  10:10  Ghost  
  196  10:11  Marine  
  196  10:20  Planetary Fortress  
  188  10:23  Medivac, Command Center  
  188  10:28  Marauder  
  192  10:30  Medivac  
  192  10:31  Marine x3  
  192  10:32  Missile Turret  
  192  10:33  Refinery  
  195  10:39  Barracks  
  195  10:40  Barracks  
  195  10:41  Barracks, Refinery  
  195  10:45  Sensor Tower  
  195  10:48  Terran Infantry Weapons Level 3  
  195  10:55  SCV x2  
  197  10:59  Medivac  
  198  11:07  Medivac  
  198  11:10  Marine, Ghost  
  198  11:11  Marauder  
  193  11:12  Marine  
  193  11:15  Ghost  
  193  11:16  Marine x2  
  188  11:21  SCV x2  
  186  11:28  Marine  
  186  11:29  Widow Mine x2  
  186  11:30  Marine  
  186  11:32  Marauder  
  193  11:33  Marine, Barracks Reactor  
  193  11:34  Marine  
  193  11:35  Barracks Tech Lab  
  193  11:38  Ghost  
  193  11:39  Barracks Tech Lab  
  196  11:43  Ghost  
  196  11:46  Marine  
  198  11:48  Marine  
  198  11:53  Orbital Command  
  199  11:57  Marine  
  200  12:05  Command Center x2  
  194  12:10  Terran Infantry Armor Level 3  
  194  12:14  Command Center  
  194  12:15  Command Center  
  194  12:19  Terran Ship Weapons Level 1  
  191  12:33  Marauder x2, Marine x5  
  191  12:34  Marauder  
  178  12:58  Marine  
  178  12:59  Marauder  
  178  13:01  Marine x2  
  178  13:02  Widow Mine x2  
  183  13:21  Marauder x3  
  183  13:22  Marauder x2, Marine x2  
  178  13:39  Marine x4  
  178  13:40  Marine x2  
  176  13:42  Marine, Ghost  
  176  13:43  Marauder  
  182  13:52  Orbital Command x2  
  182  13:53  Liberator x2  
  184  13:56  Starport  
  184  13:58  Fusion Core  
  184  13:59  Marauder x2  
  184  14:01  Marauder, Marine x4  
  184  14:02  Marine x2  
  196  14:03  Factory Reactor  
  196  14:04  Marauder  
  197  14:11  Marauder  
  189  14:33  Marine x2  
  189  14:34  Marauder  
  192  14:41  Marine  
Show
View Real Time Build Order
Export as new Build Order

sOs Protoss 

Build Orders: 1 Gate Expand, Double Forge, Phoenix Opening, Blink Stalkers 

Get SALT Encoding   

  12  0:00  Probe  
  13  0:12  Probe  
  14  0:17  Pylon  
  14  0:24  Probe (Chrono Boost)  
  16  0:36  Gateway, Probe (Chrono Boost)  
  16  0:43  Probe (Chrono Boost)  
  16  0:45  Assimilator  
  17  0:51  Probe  
  18  1:03  Probe  
  19  1:15  Probe  
  20  1:23  Cybernetics Core  
  20  1:31  Nexus  
  20  1:34  Probe  
  21  1:41  Pylon  
  21  1:46  Probe  
  22  1:49  Assimilator  
  22  1:57  Adept (Chrono Boost)  
  22  1:58  Probe  
  22  2:01  Warp Gate  
  25  2:10  Probe  
  26  2:22  Sentry, Probe  
  29  2:34  Probe (Chrono Boost)  
  29  2:35  Gateway  
  30  2:40  Twilight Council  
  30  2:45  Probe (Chrono Boost)  
  30  2:47  Probe (Chrono Boost)  
  32  2:55  Probe x2 (Chrono Boost)  
  32  2:56  Phoenix  
  34  3:00  Probe (Chrono Boost)  
  34  3:01  Probe  
  36  3:09  Blink (Chrono Boost)  
  36  3:12  Probe  
  37  3:13  Probe  
  38  3:23  Nexus  
  38  3:25  Probe  
  38  3:26  Probe  
  40  3:30  Pylon  
  40  3:35  Pylon  
  40  3:38  Probe x2  
  42  3:49  Stalker x2  
  42  3:51  Probe x2  
  48  3:57  Pylon  
  48  4:03  Probe x2  
  50  4:12  Stalker x2, Pylon  
  50  4:15  Probe x2  
  56  4:23  Forge  
  56  4:24  Forge  
  56  4:28  Probe  
  56  4:29  Probe  
  58  4:37  Stalker x2  
  62  4:39  Probe  
  62  4:40  Probe  
  64  4:49  Charge  
  64  4:52  Protoss Ground Weapons Level 1 (Chrono Boost), Probe x2  
  66  4:53  Protoss Ground Armor Level 1 (Chrono Boost), Probe  
  66  4:57  Gateway x2  
  67  5:05  Gateway  
  67  5:10  Gateway  
  67  5:11  Gateway  
  67  5:13  Probe x3  
  70  5:17  Gateway  
  70  5:19  Pylon  
  70  5:26  Stalker  
  72  5:29  Probe  
  72  5:32  Zealot  
  75  5:42  Photon Cannon  
  75  5:43  Probe x2, Phoenix  
  72  5:52  Probe  
  72  5:55  Probe  
  72  5:56  Zealot x3  
  72  5:57  Zealot  
  80  6:00  Shield Battery  
  80  6:01  Pylon x2  
  80  6:06  Stalker x2  
  80  6:07  Zealot, Probe  
  87  6:18  Zealot x3  
  87  6:19  Zealot x2  
  87  6:21  Pylon  
  87  6:23  Probe x3  
  100  6:26  Pylon  
  100  6:29  Robotics Facility  
  100  6:31  Zealot x3  
  106  6:35  Gateway  
  106  6:36  Protoss Ground Armor Level 2 (Chrono Boost)  
  106  6:48  Probe x2  
  106  6:49  Probe  
  106  6:51  Assimilator  
  106  6:52  Assimilator  
  109  6:55  Zealot x3  
  109  7:00  Zealot, Protoss Ground Weapons Level 2 (Chrono Boost)  
  117  7:02  Zealot  
  117  7:07  Probe x3  
  122  7:12  Pylon  
  122  7:14  Pylon  
  122  7:16  Pylon  
  122  7:17  Warp Prism  
  124  7:30  Templar Archives  
  124  7:33  Probe x3  
  124  7:35  Assimilator  
  127  7:38  Zealot x2  
  127  7:39  Zealot x4  
  127  7:40  Assimilator  
  139  7:49  Pylon  
  139  7:52  Photon Cannon  
  139  7:59  Psionic Storm  
  139  8:05  Probe  
  139  8:07  Probe  
  139  8:12  High Templar x2  
  145  8:13  Zealot x4  
  145  8:14  Zealot  
  155  8:20  Nexus  
  155  8:21  High Templar  
  155  8:22  Observer  
  150  8:43  Gateway  
  150  8:44  Pylon  
  150  8:45  Probe x3  
  150  8:46  Observer  
  150  8:48  Stalker x2, Zealot  
  156  8:49  Zealot x3  
  156  8:53  Pylon, Protoss Ground Armor Level 3 (Chrono Boost)  
  164  8:55  Pylon  
  164  9:04  Photon Cannon  
  164  9:07  Shield Battery  
  164  9:09  High Templar x2  
  168  9:10  Zealot x2  
  168  9:12  Observer  
  168  9:14  Archon  
  173  9:18  Zealot x2  
  173  9:19  Zealot x3  
  173  9:22  Protoss Ground Weapons Level 3 (Chrono Boost)  
  181  9:43  Probe x2  
  181  9:44  Probe x2, Observer (Chrono Boost)  
  181  9:47  Zealot x6  
  181  9:48  Stalker x3  
  197  9:53  Photon Cannon  
  197  9:56  Probe  
  196  10:02  Zealot  
  196  10:06  Probe  
  197  10:08  Probe  
  191  10:19  Probe  
  192  10:29  Robotics Facility  
  192  10:32  Robotics Bay  
  193  10:38  Photon Cannon  
  193  10:40  Shield Battery  
  193  10:42  Gateway  
  193  10:49  Photon Cannon  
  192  10:51  Shield Battery  
  192  10:56  Observer  
  189  11:09  Nexus  
  153  11:23  Archon  
  145  11:26  Disruptor x2 (Chrono Boost)  
  145  11:27  Zealot x10  
  145  11:30  Gravitic Boosters  
  165  11:34  Pylon  
  165  11:35  Probe  
  165  11:36  Photon Cannon  
  166  11:40  Stalker  
  166  11:50  Stalker, Probe  
  166  11:52  Stalker  
  152  11:55  Stalker, Probe, Disruptor x2 (Chrono Boost)  
  152  11:56  Probe  
  152  11:57  Protoss Shields Level 1 (Chrono Boost)  
  152  12:08  Dark Shrine  
  152  12:16  Assimilator  
  152  12:18  Stalker x3  
  152  12:19  Stalker  
  152  12:20  Assimilator, Probe  
  154  12:26  Disruptor x2  
  154  12:27  Extended Thermal Lance  
  160  12:32  Probe  
  160  12:33  Photon Cannon  
  160  12:34  Photon Cannon  
  160  12:36  Shield Battery  
  161  12:38  Shield Battery  
  161  12:41  Probe  
  161  12:43  Photon Cannon  
  160  12:44  Probe  
  160  12:47  Stalker x6  
  159  13:03  Stalker x4  
  165  13:10  Probe  
  165  13:16  Stalker x5  
  165  13:31  Zealot x5  
  137  13:35  Observer  
  137  13:36  Disruptor x2 (Chrono Boost)  
  137  13:41  Probe  
  137  13:43  Zealot x2, Observer  
  137  13:45  Zealot x3  
  144  13:52  Zealot x5  
  154  14:02  Colossus (Chrono Boost)  
  154  14:08  Zealot x5  
  165  14:18  Zealot x5  
  171  14:33  Zealot x5  
  144  14:47  Stalker x5  
  134  14:55  Zealot x4  

Tags
 
Add a new tag
Caveats
  • Supply blocks, unpowered buildings, or Contaminate may cause inaccurate times.
  • Supply counts are checked every 10 seconds.